 Seeded DCSS version 0.30-a0-918-g0ff054e9dc (webtiles) character file.

Game seed: 13555036537017109050 (custom seed)

2366 GigaChad the Chopper (level 9, -1/69 HPs)
             Began as a Formicid Fighter on Mar 17, 2023.
             Slain by Erica
             ... wielding a +2 scimitar of flaming
              (2 damage)
             ... on level 8 of the Dungeon on Mar 20, 2023.
             The game lasted 00:14:22 (7508 turns).

GigaChad the Chopper (Formicid Fighter)             Turns: 7508, Time: 00:14:25

Health: -1/69      AC:  9    Str: 32    XL:     9   Next: 72%
Magic:  25/25      EV: 11    Int: 12    God:
Gold:   400        SH:  5    Dex: 16    Spells: 17/17 levels left

rFire   . . .      SeeInvis +    p - +1 battleaxe "Hell-Harrower" {heavy, *Rage *Noise rF+ Str+8}
rCold   + + .      Faith    .    c - +0 buckler
rNeg    + + +      Spirit   .    L - +0 swamp dragon scales
rPois   +          Reflect  .    (helmet unavailable)
rElec   .          Rampage  .    (no cloak)
rCorr   .                        (no gloves)
Will    .....                    (no boots)
Stlth   ++++                     h - amulet of the acrobat
HPRegen 0.31/turn                e - ring of Huxtoina {rPois rC+ rN+++ Stlth+}
MPRegen 0.19/turn                l - ring "Caoppele" {Ice MP+9 Int+3 Dex+3 Slay+3}

@: no status effects
A: permanent stasis, dig shafts and tunnels, antennae 3, four strong arms
a: Dig, Shaft Self


You were on level 8 of the Dungeon.
You visited 2 branches of the dungeon, and saw 9 of its levels.

You collected 400 gold pieces.

Inventory:

Hand Weapons
 a - a +0 war axe
 p - the +1 battleaxe "Hell-Harrower" (weapon) {heavy, *Rage *Noise rF+ Str+8}
   (You acquired it on level 2 of the Dungeon)

   Str:       It affects your strength (+8).
   rF:        It protects you from fire.
   *Noise:    It may make noises in combat.
   *Rage:     It berserks you when you make melee attacks (+20% chance).
 z - a +1 spear of flaming
Missiles
 s - 4 throwing nets
Armour
 b - a +0 scale mail
 c - a +0 buckler (worn)
 m - a +0 chain mail
 L - +0 swamp dragon scales (worn)
Jewellery
 e - the ring of Huxtoina (left hand) {rPois rC+ rN+++ Stlth+}
   (You acquired it on level 1 of the Dungeon)

   [ring of protection from cold]

   rC:        It protects you from cold.
   rPois:     It protects you from poison.
   rN:        It renders you almost immune to negative energy.
   Stlth:     It makes you more stealthy.
 h - an amulet of the acrobat (around neck)
 l - the ring "Caoppele" (right hand) {Ice MP+9 Int+3 Dex+3 Slay+3}
   (You acquired it on level 2 of the Dungeon)

   [ring of ice]

   It enhances your ice magic.
   Int:       It affects your intelligence (+3).
   Dex:       It affects your dexterity (+3).
   Slay:      It affects your accuracy & damage with ranged weapons and melee
   (+3).
   rF:        It makes you vulnerable to fire.
   rC:        It protects you from cold.
   MP:        It affects your magic capacity (+9).
 v - a ring of magical power
 w - a +4 ring of protection
 x - a +6 ring of dexterity
 G - a ring of ice
Wands
 y - a wand of mindburst (1)
 A - a wand of polymorph (10)
 I - a wand of roots (32)
 K - a wand of acid (12)
 O - a wand of paralysis (5)
Scrolls
 g - 12 scrolls of identify
 i - a scroll of vulnerability {unknown}
 o - 3 scrolls of immolation {unknown}
 r - 3 scrolls of blinking {unknown}
 B - a scroll of fog {unknown}
 D - 2 scrolls of enchant weapon {unknown}
 F - 2 scrolls of noise {unknown}
 H - 2 scrolls of magic mapping {unknown}
 J - a scroll of amnesia {unknown}
 M - 3 scrolls of summoning {unknown}
 N - 2 scrolls of fear {unknown}
Potions
 d - 2 potions of might
 f - 6 potions of curing
 j - 3 potions of haste {unknown}
 k - 5 potions of heal wounds {unknown}
 n - 2 potions of attraction {unknown}
 q - a potion of mutation {unknown}
 t - 3 potions of degeneration {unknown}
 u - 3 potions of flight {unknown}
 C - a potion of magic {unknown}
 E - a potion of lignification {unknown}


   Skills:
 * Level 5.7 Fighting
 * Level 7.3 Axes
 * Level 6.5 Armour
 + Level 1.1 Dodging
 * Level 6.3 Stealth
 + Level 5.1 Shields
 * Level 4.8 Spellcasting


You had 17 spell levels left.
You didn't know any spells.
Your spell library contained the following spells:

 Spells                   Type           Power      Damage    Failure   Level
 Magic Dart               Conj           8%         1d3       32%         1
 Necrotise                Necr           8%         1d4       32%         1
 Searing Ray              Conj           4%         2d4       45%         2
 Kindle Blastsparks       Fire/Tloc/Air  4%         2d10      69%         3
 Vampiric Draining        Necr           2%         2d6       69%         3
 Fulminant Prism          Conj/Hex       1%         3d5       97%         4
 Iskenderun's Mystic Bla  Conj/Tloc      2%         2d3       97%         4
 Agony                    Necr           2%         N/A       100%        5
 Lee's Rapid Deconstruct  Erth           1%         3d4*      100%        5


Dungeon Overview and Level Annotations

Branches:
Dungeon (8/15)             Temple (1/1) D:4
   Lair: D:8-11

Altars:
Ashenzari
Dithmenos
Elyvilon
Hepliaklqana
Makhleb
Nemelex Xobeh
Okawaru
Qazlal
Ru
Sif Muna
Trog
Uskayaw
Vehumet
Wu Jian
Xom
Yredelemnul

Shops:
D:4 [

Portals:
Abyss: D:7

Annotations:
D:7 2 transporters, bande's ghost, novice GrFi
D:8 Erica
Temple 4 transporters


Innate Abilities, Weirdness & Mutations

You cannot be hasted, slowed, berserked, paralysed or teleported.
You can dig through walls and to a lower floor.
You have a pair of large antennae on your head. (SInv)
Your four strong arms can wield two-handed weapons with a shield.


Message History

Erica the Fiery-Tempered comes into view.
She is wielding a +2 scimitar of flaming.
Erica is nearby!
Erica is nearby!
Found a scroll labelled IVYINATEULU.
Erica shouts!
There is a stone staircase leading down here.
You slash Erica!
Erica is moderately wounded.
Erica hits you with a +2 scimitar of flaming.
Erica burns you. Erica closely misses you.
You closely miss Erica.
Erica is moderately wounded.
Erica hits you with a +2 scimitar of flaming!
Erica burns you.
Erica hits you with a +2 scimitar of flaming!
Erica burns you.
You slice Erica!!
Erica is severely wounded.
Erica hits you with a +2 scimitar of flaming.
Erica burns you. You block Erica's attack.
You are too injured to fight recklessly!
You are too injured to fight recklessly!
You are too injured to fight recklessly!
You barely miss Erica.
Erica is severely wounded.
Erica hits you with a +2 scimitar of flaming!
Erica burns you.
* * * LOW HITPOINT WARNING * * *
Erica hits you with a +2 scimitar of flaming!
* * * LOW HITPOINT WARNING * * *
Erica burns you.
* * * LOW HITPOINT WARNING * * *
You hit Erica.
Erica is severely wounded.
Erica gestures at you while chanting. You resist with some effort.
Erica hits you with a +2 scimitar of flaming.
* * * LOW HITPOINT WARNING * * *
Erica burns you.
You die...

...# #........##.##.#..#
..# ##......##.....#.#
.# ####..)).......###..#
.###....#.......#.##..##
.....#.##.....#...#...#
....#.........#.......#
.....................##
#.......#.####..>....#
#†....#.#.# #..@##..#
..........# #..@# .##
...<.##...# #..#. .#
##...##...# #.. .###
............ #.. ?#
................ ..
................ ..
................ ...
.[..............


You could see Erica.

Vanquished Creatures
  Maggie (D:7)
  A wyvern (D:8)
  A water moccasin (D:6)
  A sky beast (D:7)
  2 ice beasts (D:6)
  An ogre (D:5)
  2 phantoms
  2 bullfrogs
  3 scorpions (D:6)
  A gnoll sergeant (D:6)
  2 howler monkeys (D:8)
  A gnoll bouda (D:5)
  4 orc priests
  2 hounds
  6 iguanas
  Natasha (thrice) (D:2)
  2 orc wizards
  Robin (D:4)
  6 adders
  17 gnolls
  2 ufetubi
  3 worms
  4 dart slugs
  24 orcs
  3 ball pythons
  6 endoplasms
  3 giant cockroaches
  16 goblins
  8 hobgoblins
  7 jackals (D:4)
  3 quokkas (D:2)
  7 bats
  5 frilled lizards
  4 kobolds
  6 rats
  A spectral orc (D:5)
161 creatures vanquished.

Notes
Turn   | Place    | Note
-------+----------+-------------------------------------------
     0 | D:1      | GigaChad the Formicid Fighter began the quest for the Orb.
     0 | D:1      | Reached XP level 1. HP: 18/18 MP: 1/1
   294 | D:1      | Reached XP level 2. HP: 24/24 MP: 2/2
   571 | D:1      | Identified a scroll of acquirement
   571 | D:1      | Acquired the ring of Huxtoina {rPois rC+ rN+++ Stlth+}
   730 | D:2      | Acquired the ring "Caoppele" {Ice MP+9 Int+3 Dex+3 Slay+3}
   870 | D:2      | Reached XP level 3. HP: 29/29 MP: 3/3
  1085 | D:2      | Noticed Natasha
  1098 | D:2      | Killed Natasha
  1099 | D:2      | Reached skill level 1 in Stealth
  1099 | D:2      | Reached skill level 1 in Spellcasting
  1099 | D:2      | Reached XP level 4. HP: 12/36 MP: 5/5
  1215 | D:2      | Acquired the +1 battleaxe "Hell-Harrower" {heavy, *Rage
                  | *Noise rF+ Str+8}
  1263 | D:2      | Noticed Natasha
  1269 | D:2      | Killed Natasha
  1273 | D:2      | Reached XP level 5. HP: 37/42 MP: 7/7
  1347 | D:2      | Reached skill level 3 in Axes
  1419 | D:2      | Noticed Natasha
  1424 | D:2      | Killed Natasha
  2323 | D:3      | Reached XP level 6. HP: 42/48 MP: 8/8
  2416 | D:3      | Upgraded the game from 0.30-a0-883-g5ad918d77d to
                  | 0.30-a0-918-g0ff054e9dc
  3004 | D:4      | Found Haida's Dragon-Slaying Spoils.
  3195 | D:4      | Noticed Robin
  3197 | D:4      | Reached skill level 4 in Axes
  3199 | D:4      | Killed Robin
  3466 | D:4      | Found a staircase to the Ecumenical Temple.
  3619 | Temple   | Entered the Ecumenical Temple
  3619 | Temple   | Found a transporter.
  3619 | Temple   | Found a transporter.
  3621 | Temple   | Found a transporter.
  3621 | Temple   | Found a transporter.
  3851 | D:5      | Entered Level 5 of the Dungeon
  3860 | D:5      | Reached XP level 7. HP: 53/54 MP: 10/10
  5010 | D:5      | Found a basalt altar of Yredelemnul.
  5280 | D:6      | Reached skill level 5 in Axes
  5280 | D:6      | Reached XP level 8. HP: 44/61 MP: 12/12
  5380 | D:6      | Reached skill level 5 in Fighting
  5380 | D:6      | Reached skill level 5 in Armour
  5386 | D:6      | Reached skill level 5 in Stealth
  5440 | D:6      | Reached skill level 1 in Dodging
  5592 | D:6      | Reached skill level 6 in Axes
  5674 | D:6      | Reached XP level 9. HP: 26/68 MP: 14/14
  6096 | D:6      | Reached skill level 5 in Shields
  6283 | D:7      | Noticed Maggie
  6291 | D:7      | Killed Maggie
  6743 | D:7      | Reached skill level 7 in Axes
  7089 | D:7      | Found a one-way gate to the infinite horrors of the Abyss.
  7089 | D:7      | Noticed bande's ghost (novice GrFi)
  7101 | D:7      | Found a transporter.
  7110 | D:7      | Noticed an ancient zyme
  7121 | D:7      | Found a transporter.
  7315 | D:7      | Noticed a purple ugly thing
  7500 | D:8      | Noticed Erica
  7508 | D:8      | HP: 1/69 [Erica/+2 scimitar of flaming (5)]
  7508 | D:8      | Slain by Erica

Illustrated notes

Levels and vault maps discovered:
D:1:      dpeg_arrival_water_fire, layout_basic
D:2:      layout_basic, hex_large, reono_crystal_passage, st_stairs_2,
          minmay_tromino_v7, uniq_natasha
D:3:      layout_basic
D:4:      kennysheep_goblin_castle, layout_rooms, lemuel_temple_firewalk_b,
          nicolae_shop_dragon_depot
D:5:      layout_loops_corners, yredelemnul_forgotten_temple_becter
D:6:      dreamdust_elfheim, layout_loops_cross, nicolae_kite_square_tiling_tiny
D:7:      layout_loops_ring, gammafunk_ghost_abyssal_escape,
          corexii_hall_statues_x, uniq_maggie
D:8:      layout_rooms, chequers_temple_overflow_minitemple,
          kennysheep_slug_shrine, serial_shops, nicolae_stop_n_shop_1,
          uniq_amaemon, uniq_erica
Temple:   hellmonk_temple_divided_pantheon

Skill      XL: |  1  2  3  4  5  6  7  8  9 |
---------------+----------------------------+-----
Stealth        | 1 2 3 4 5 6 |  6.3
Spellcasting   | 1 2 3 4 |  4.8
Axes           | 3 4 5 6 7 |  7.3
Armour         | 4 5 6 |  6.5
Fighting       | 4 5 |  5.7
Dodging        | 1 |  1.1
Shields        | 5 |  5.1

Action                     |  1- 3 |  4- 6 |  7- 9 || total
---------------------------+-------+-------+-------++-------
  Melee: War axe           |    58 |     5 |       ||    63
         Battleaxe         |       |   101 |   116 ||   217
  Evoke: Wand              |       |       |     1 ||     1
    Use: Scroll            |     2 |     3 |       ||     5
   Stab: Sleeping          |     1 |       |     2 ||     3
 Armour: Scale mail        |    23 |       |       ||    23
         Chain mail        |     5 |    73 |    59 ||   137
         Swamp dragon scal |       |       |     6 ||     6
  Dodge: Dodged            |    28 |    76 |    97 ||   201
  Block: Buckler           |    11 |    36 |    45 ||    92

Table legend: (Time is in decaauts)
 A = Elapsed time spent in this place.
 B = Non-inter-level travel time spent in this place.
 C = Inter-level travel time spent in this place.
 D = Time resting spent in this place.
 E = Time spent auto-exploring this place.
 F = Levels seen in this place.
 G = Mean time per level.
                   A        B        C        D        E       F      G
               +--------+--------+--------+--------+--------+-----+--------+
         Total |   7800 |   7425 |    375 |    956 |   5073 |   9 |  866.7 |
       Dungeon |   7773 |   7398 |    375 |    956 |   5073 |   8 |  971.6 |
        Temple |     27 |     27 |      0 |      0 |      0 |   1 |   27.0 |
               +--------+--------+--------+--------+--------+-----+--------+

Top non-repeatable levels by time:
     D:5: 1471 daAuts
     D:4: 1187 daAuts
     D:7: 1144 daAuts
     D:2: 1067 daAuts
     D:6: 1026 daAuts
     D:3: 987 daAuts
     D:1: 736 daAuts
     D:8: 151 daAuts
  Temple: 27 daAuts
